 Dungeon Crawl Stone Soup version 0.26-a0-264-g3a471323bd (webtiles) character file.

Game seed: 4346021707262582480

68 BritishOli the Covered (level 4, -11/35 HPs)
             Began as a Demonspawn Fighter on July 11, 2020.
             Mangled by a goblin
             ... wielding a +3 dagger of electrocution
             ... led by Robin
              (17 damage)
             ... on level 2 of the Dungeon.
             The game lasted 00:00:52 (1418 turns).

BritishOli the Covered (Demonspawn Fighter)         Turns: 1418, Time: 00:00:53

Health: -11/35     AC:  6    Str: 17    XL:     4   Next: 1%
Magic:  4/4        EV:  7    Int: 10    God:
Gold:   89         SH:  9    Dex: 12    Spells: 3/3 levels left

rFire    . . .     SeeInvis .   a - +0 long sword
rCold    . . .     Faith    .   c - +0 kite shield
rNeg     . . .     Spirit   .   b - +0 scale mail
rPois    .         Reflect  .   (helmet restricted)
rElec    .         Harm     .   (no cloak)
rCorr    .                      (no gloves)
MR       .....                  (no boots)
Stlth    ..........             (no amulet)
HPRegen  0.11/turn              (no ring)
MPRegen  0.09/turn              (no ring)

@: mighty
A: horns 1, powered by death 1, powered by pain 1
a: no special abilities


You were on level 2 of the Dungeon.
You were not hungry.

You visited 1 branch of the dungeon, and saw 2 of its levels.

You collected 89 gold pieces.

Inventory:

Hand Weapons
 a - a +0 long sword (weapon)
Armour
 b - a +0 scale mail (worn)
 c - a +0 kite shield (worn)
Scrolls
 e - 2 scrolls of identify {unknown}
 g - a scroll of magic mapping {unknown}
 h - a scroll of enchant weapon {unknown}
 i - a scroll of remove curse {unknown}
 j - 3 scrolls of teleportation {unknown}
Potions
 d - a potion of might
 k - a potion of cancellation {unknown}
 l - 2 potions of curing {unknown}
 m - 2 potions of heal wounds {unknown}
 n - a potion of mutation {unknown}
Comestibles
 f - 5 rations


   Skills:
 + Level 3.3 Fighting
 * Level 2.7 Long Blades
 * Level 3.4 Armour
 + Level 3.0 Shields


You had 3 spell levels left.
You didn't know any spells.
Your spell library was empty.

Dungeon Overview and Level Annotations

Branches:
Dungeon (2/15)

Altars:

Annotations:
D:2 Robin


Innate Abilities, Weirdness & Mutations

You have a pair of small horns on your head.
You regenerate a little health from kills.
You sometimes gain a little power by taking damage.


Message History

You kill the goblin!
Robin throws the goblin at you! The hobgoblin barely misses you.
You block the hobgoblin's attack. The goblin hits you.
The goblin hits you but does no damage.
You are electrocuted!
* * * LOW HITPOINT WARNING * * *
You focus on the pain.
You feel very mighty all of a sudden.
You are too injured to fight recklessly!
Unknown command.
You are too injured to fight recklessly!
Unknown command.
You slash the goblin!
You kill the goblin!
You have reached level 4!
You feel clever.
Your demonic ancestry asserts itself...
A wave of death washes over you. You block the hobgoblin's attack.
The hobgoblin hits you but does no damage.
The goblin hits you but does no damage.
You are electrocuted!
You die...

...#.#...#
#..####...........##..
...#.#####
#....>........≈≈..##.#
...#.#
#.####........≈⌠.....#
...#.## #.#
#######..≈≈....##
......## ##.#
##............. .).#...#
#..# ###..#########...
...#.#.# #.#####...##
#.#.
...#.#.####.##..gg#####
#.#.
####.#.........g@)....#
#.#.
##......#.....g.....#
#.##
#...................#
###.##
#.........)...........
.......
#...................###
##...##
#.....<)............#
#.#
.......................#
#
##......................
#........<.......##


You could see Robin, 2 hobgoblins and a goblin.

Vanquished Creatures
  3 adders (D:2)
  A leopard gecko (D:1)
  An orc (D:2)
  3 ball pythons
  5 giant cockroaches
  8 goblins
  5 hobgoblins
  2 bats (D:2)
  2 frilled lizards (D:1)
  3 kobolds
  6 rats
39 creatures vanquished.

Notes
Turn   | Place    | Note
-------+----------+-------------------------------------------
     0 | D:1      | BritishOli the Demonspawn Fighter began the quest for the
                  | Orb.
     0 | D:1      | Reached XP level 1. HP: 18/18 MP: 1/1
   194 | D:1      | Gained mutation: You have a pair of small horns on your
                  | head. [demonic ancestry]
   194 | D:1      | Reached XP level 2. HP: 18/24 MP: 2/2
   904 | D:2      | Gained mutation: You sometimes gain a little power by
                  | taking damage. [demonic ancestry]
   904 | D:2      | Reached XP level 3. HP: 22/29 MP: 3/3
  1411 | D:2      | Noticed Robin
  1418 | D:2      | Gained mutation: You regenerate a little health from kills.
                  | [demonic ancestry]
  1418 | D:2      | Reached XP level 4. HP: 6/35 MP: 4/4
  1418 | D:2      | Mangled by a goblin

Illustrated notes

Levels and vault maps discovered:
D:1:      scummos_arrival_simple_crosswalls, layout_basic
D:2:      layout_rooms, yredelemnul_forgotten_temple_becter,
          lemuel_doored_altar, corexii_leaking_fountain, uniq_robin

Skill      XL: |  1  2  3 |
---------------+----------+-----
Long Blades    | 2 |  2.7
Armour         | 3 |  3.4
Shields        | 3 |  3.0
Fighting       | |  3.3

Action                   |  1- 3 |  4- 6 || total
-------------------------+-------+-------++-------
Melee: Long sword        |   110 |       ||   110
       Headbutt          |    14 |       ||    14
  Eat: Ration            |     1 |       ||     1
Armor: Scale mail        |    69 |     2 ||    71
Dodge: Dodged            |    34 |       ||    34
Block: Kite shield       |    54 |     1 ||    55
       Rpst.: Long sword |     6 |       ||     6

Table legend:
 A = Non-vault XP
 B = Vault XP
 C = Vault XP percentage of total XP
 D = Non-vault monster count
 E = Vault monster count
 F = Vault count percentage of total count
                 A         B        C        D         E       F
            +---------+---------+-------+---------+---------+-------
      Total |      94 |       4 |   4.1 |      37 |       2 |   5.1
            +---------+---------+-------+---------+---------+-------
        D:1 |      21 |       0 |   0.0 |      13 |       0 |   0.0
        D:2 |      73 |       4 |   5.2 |      24 |       2 |   7.7
            +---------+---------+-------+---------+---------+-------
